 Dungeon Crawl Stone Soup version 0.30-a0-743-gbfdf073 (webtiles) character file.

Game seed: 2258802740911641134

233260 Illumine the Warrior (level 18, -10/160 HPs)
             Began as a Minotaur Wanderer on Feb 3, 2023.
             Was the Champion of Hepliaklqana.
             Killed from afar by a salamander tyrant (39 damage)
             ... with a flame surge
             ... on level 3 of the Snake Pit on Feb 5, 2023.
             The game lasted 00:55:23 (28547 turns).

Illumine the Warrior (Minotaur Wanderer)           Turns: 28547, Time: 00:55:24

Health: -10/160    AC: 15    Str: 19    XL:     18   Next: 84%
Magic:  23/24      EV: 20    Int:  8    God:    Hepliaklqana [******]
Gold:   729        SH: 34    Dex: 23    Spells: 19/19 levels left

rFire   . . .      SeeInvis .    b - +6 sling "Adghuyvoj" {heavy, Will+ Dex+4}
rCold   . . .      Faith    .    V - +6 tower shield of Ciceosk {Regen+}
rNeg    + . .      Spirit   .    N - +0 swamp dragon scales
rPois   +          Reflect  +    F - +0 hat
rElec   .          Harm     .    i - +0 cloak {Will+}
rCorr   .          Rampage  .    d - +1 pair of gloves of Eczuag {rPois Int+2 Stlth-}
Will    ++++.                    w - +0 pair of boots
Stlth   x                          - amulet of reflection
HPRegen 1.26/turn                Z - +4 ring of slaying
MPRegen 0.19/turn                A - ring of the Cricket {rN+ Will+}

@: weakened, studying Maces & Flails
A: reduced essence, horns 2, retaliatory headbutt
}: 1/15 runes: decaying
a: Renounce Religion, Recall Ancestor, Ancestor Identity, Transference, Idealise


You were on level 3 of the Snake Pit.
You worshipped Hepliaklqana.
Hepliaklqana was exalted by your worship.
You visited 5 branches of the dungeon, and saw 29 of its levels.
You also visited: Ossuary and Volcano.

You collected 3369 gold pieces.
You spent 2640 gold pieces at shops.

Inventory:

Hand Weapons
 a - a +7 heavy demon trident
 b - the +6 sling "Adghuyvoj" (weapon) {heavy, Will+ Dex+4}
   (You found it on level 2 of the Dungeon)

   Dex:       It affects your dexterity (+4).
   Will:      It increases your willpower.
 y - the +11 battleaxe of the Vestibule of Hell {holy, Will+ rCorr Int-5 Dex+2}
   (You found it on level 2 of the Swamp)

   Int:       It affects your intelligence (-5).
   Dex:       It affects your dexterity (+2).
   rCorr:     It protects you from acid and corrosion.
   Will:      It increases your willpower.
Missiles
 U - 2 throwing nets
Armour
 d - the +1 pair of gloves of Eczuag (worn) {rPois Int+2 Stlth-}
   (You found it on level 1 of the Swamp)

   Int:       It affects your intelligence (+2).
   rPois:     It protects you from poison.
   Stlth:     It makes you less stealthy.
 i - a +0 cloak of willpower (worn)
 w - a +0 pair of boots (worn)
 F - a +0 hat (worn)
 N - +0 swamp dragon scales (worn)
 R - a +2 tower shield of poison resistance
 V - the +6 tower shield of Ciceosk (worn) {Regen+}
   (You acquired it on level 15 of the Dungeon)

   Regen:     It increases your rate of health regeneration.
Jewellery
 f - a ring of resist corrosion
 l - a ring of willpower
 t - a ring of fire
 x - an amulet of reflection (around neck)
 A - the ring of the Cricket (right hand) {rN+ Will+}
   (You acquired it on level 8 of the Dungeon)

   [ring of positive energy]

   rN:        It protects you from negative energy.
   Will:      It increases your willpower.
 M - the ring "Jufoc" {Fly Will+ Dex+3 Stlth+}
   (You found it on level 4 of the Swamp)

   [ring of flight]

   Dex:       It affects your dexterity (+3).
   Fly:       It grants you flight.
   Will:      It increases your willpower.
   Stlth:     It makes you more stealthy.
 Q - an amulet of regeneration
 W - a ring of protection from fire
 Z - a +4 ring of slaying (left hand)
Wands
 k - a wand of charming (15)
 p - a wand of polymorph (20)
 H - a wand of light (9)
 O - a wand of flame (52)
Scrolls
 c - 10 scrolls of vulnerability
 e - 6 scrolls of teleportation
 h - 5 scrolls of poison
 q - 2 scrolls of silence
 s - 5 scrolls of fear
 B - 2 scrolls of immolation
 C - 2 scrolls of fog
 G - a scroll of blinking
 I - 7 scrolls of amnesia
 K - 3 scrolls of butterflies
 Y - a scroll of magic mapping
Potions
 g - 7 potions of lignification
 j - 11 potions of curing
 m - 10 potions of mutation
 n - 3 potions of resistance
 o - 7 potions of cancellation
 r - 2 potions of heal wounds
 u - 7 potions of attraction
 v - 2 potions of haste
 z - a potion of magic
 D - 6 potions of might
 E - 11 potions of flight
 J - 2 potions of ambrosia
 L - 6 potions of invisibility
 X - 3 potions of berserk rage
Miscellaneous
 P - a phial of floods
 S - a condenser vane
 T - a tin of tremorstones (2/2)


   Skills:
 + Level 20.1 Fighting
 - Level 1.5 Maces & Flails
 - Level 7.0 Polearms
 - Level 14.0 Ranged Weapons
 - Level 10.0 Armour
 + Level 13.7 Dodging
 + Level 19.0 Shields
 - Level 1.3 Spellcasting
 - Level 1.0 Transmutations
 - Level 10.0 Invocations
 + Level 10.3 Evocations


You had 19 spell levels left.
You didn't know any spells.
Your spell library contained the following spells:

 Spells                   Type           Power      Damage    Failure   Level
 Sting                    Tmut/Pois      4%         1d3       75%         1
 Kiss of Death            Conj/Necr      0%         2d5       80%         1
 Shock                    Conj/Air       0%         1d3       80%         1
 Summon Small Mammal      Summ           0%         N/A       80%         1
 Lesser Beckoning         Tloc           0%         N/A       91%         2
 Poisonous Vapours        Pois/Air       0%         N/A       91%         2
 Ignite Poison            Fire/Tmut/Pois 1%         N/A       98%         3
 Spider Form              Tmut/Pois      1%         N/A       98%         3
 Call Canine Familiar     Summ           0%         N/A       99%         3
 Confusing Touch          Hex            0%         N/A       99%         3
 Gell's Gravitas          Tloc           0%         N/A       99%         3
 Kindle Blastsparks       Fire/Tloc/Air  0%         2d10      99%         3
 Portal Projectile        Hex/Tloc       0%         N/A       99%         3
 Summon Guardian Golem    Hex/Summ       0%         N/A       99%         3
 Swiftness                Air            0%         N/A       99%         3
 Teleport Other           Tloc           0%         N/A       99%         3
 Tukima's Dance           Hex            0%         N/A       99%         3
 Airstrike                Air            0%         2d(0-16)  100%        4
 Anguish                  Hex/Necr       0%         N/A       100%        4
 Dispel Undead            Necr           0%         3d6       100%        4
 Olgreb's Toxic Radiance  Pois           0%         N/A       100%        4
 Blade Hands              Tmut           1%         N/A       100%        5
 Freezing Cloud           Conj/Ice/Air   0%         6-21      100%        5
 Irradiate                Conj/Tmut      0%         3d11      100%        5
 Lightning Bolt           Conj/Air       0%         1d11      100%        5
 Yara's Violent Unravell  Hex/Tmut       0%         3d3       100%        5
 Dragon Form              Tmut           1%         N/A       100%        7
 Enfeeble                 Hex            0%         N/A       100%        7


Dungeon Overview and Level Annotations

Branches:
Dungeon (15/15)            Temple (0/1) D:7            Lair (5/5) D:8
  Swamp (4/4) Lair:3        Snake (3/4) Lair:2        Slime (0/5) Lair:4
    Orc (2/2) D:11            Elf (0/3) Orc:2        Vaults (0/5) D:14
 Depths (0/4) D:15        Ossuary (visited)         Volcano (visited)

Altars:
Ashenzari
Cheibriados
Hepliaklqana
Nemelex Xobeh
Okawaru
Sif Muna
Trog
Vehumet
The Shining One

Shops:
D:8 ?   D:12 (   D:15 [=!(   Orc:1 (   Orc:2 *(*=

Portals:
Pandemonium: Orc:2

Annotations:
D:8 3 runed translucent doors, slAvIk159's ghost, novice HOMo
Swamp:1 2 transporters, Upnocu's ghost, journeyman DESu
Snake:3 2 transporters, Renaoz's ghost, adept HuCA


Innate Abilities, Weirdness & Mutations

Your life essence is reduced to manifest your ancestor. (-10% HP)
You have a pair of horns on your head.
You reflexively headbutt those who attack you in melee.


Message History

The salamander mystic closely misses Quintus.
Quintus hits the salamander mystic with a +0 broad axe of flaming.
The salamander tyrant gazes fiercely through you!
You feel as though you will be weak longer.
The salamander mystic completely misses Quintus.
You shoot a sling bullet. Quintus avoids your attack.
The sling bullet hits the salamander mystic!!
The salamander mystic is severely wounded.
The salamander tyrant calls gouts of flame from the lava!
The flame surge hits you!!!
* * * LOW HITPOINT WARNING * * *
The flame surge hits Quintus!
Quintus resists.
Quintus hits the salamander mystic with a +0 broad axe of flaming!
The salamander tyrant calls gouts of flame from the lava!
The flame surge hits you!!
* * * LOW HITPOINT WARNING * * *
The flame surge hits Quintus!
Quintus resists.
Quintus blocks the salamander mystic's attack.
Quintus hits the salamander mystic with a +0 broad axe of flaming.
The salamander mystic dies!
Your condenser vane has recharged.
Your Shields skill increases to level 19!
You are too injured to fight recklessly!
You are too injured to fight recklessly!
Unknown command.
Fire: b) +6 sling "Adghuyvoj" {heavy, Will+ Dex+4}
Press: ? - help, Q - select action, (/) - cycle Shift-Dir - straight line, f - salamander
Aim: a salamander, wielding a +0 trident (severely wounded, 84% to hit)
You shoot a sling bullet. Quintus avoids your attack.
The sling bullet hits the salamander!
The salamander is almost dead.
The salamander tyrant gazes fiercely through you!
You feel as though you will be weak longer.
You block the salamander's attack.
Quintus closely misses the salamander.
You feel much better.
The salamander tyrant calls gouts of flame from the lava!
The flame surge hits you!!!
You die...

#..........###.....>...#..##
#.........###
####..........# #.........#
##..........# #..........#
##.....†....##
.............# #..###....^.#
##...........## ##.##
##.....##
##...........###..# ###....#
.....)..##≈≈## ##...###
......NNNR@## ##..##.
.......###≈≈# ##...# ......#
##.# #.#### ###..# #.# ###
#.. #.# ## ##


You could see the friendly Quintus the knight, a salamander tyrant (fast, ally
target) and 2 salamanders.

Vanquished Creatures
  Saint Roka (Snake:2)
  A tentacled monstrosity (Swamp:2)
  Asterion (Snake:2)
  Gastronok (Lair:1)
  3 ghouls
  A very ugly thing (D:15)
  2 eleionomae
  Azrael (D:12)
  A bunyip (Swamp:2)
  A red draconian (Volcano)
  2 fire dragons (Swamp:4)
  A shambling mangrove (Swamp:2)
  Erolcha (D:9)
  12 hydras
  2 catoblepae (Lair:5)
  An ice dragon (Lair:4)
  4 two-headed ogres
  5 centaur warriors
  A ghost crab (Swamp:3)
  2 anacondas
  4 alligators
  2 dancing weapons (D:14)
  5 boulder beetles
  5 death yaks (Lair:5)
  4 naga warriors
  3 orc high priests (Orc:2)
  Urug (Lair:2)
  A deep troll shaman (Lair:5)
  3 naga sharpshooters (Snake:2)
  Sonja (Lair:2)
  A fire crab (Swamp:4)
  A skeletal warrior (D:14)
  A salamander mystic (Volcano)
  3 sea snakes (Snake:2)
  A death drake (Swamp:3)
  2 goliath frogs
  3 spriggan druids
  A naga ritualist (Snake:2)
  5 swamp dragons
  2 deep elf pyromancers (D:9)
  A lindwurm (Lair:2)
  3 orc knights (Orc:2)
  A wizard (D:15)
  5 bog bodies
  2 mana vipers (Snake:2)
  3 orc sorcerers (Orc:2)
  13 ugly things
  3 manticores
  15 salamanders
  5 elephants (Lair:5)
  6 cyclopes
  An elephant (shapeshifter) (D:15)
  5 will-o-the-wisps
  6 naga magi
  A gargoyle (D:9)
  6 cane toads
  19 black mambas
  A rust devil (Orc:2)
  A torpor snail (Lair:2)
  A rime drake (Lair:2)
  3 efreet
  An unseen horror (D:12)
  A tengu conjurer (D:14)
  9 komodo dragons
  2 bloated husks
  2 meliai (D:15)
  2 polar bears
  A troll (shapeshifter) (D:15)
  5 hornets
  2 trolls
  5 tyrant leeches
  Prince Ribbit (D:8)
  A tarantella (shapeshifter) (D:11)
  10 blink frogs
  9 dream sheep
  9 slime creatures
  Sigmund (D:2)
  2 water elementals (D:14)
  7 spriggans
  A human (shapeshifter) (D:9)
  4 wraiths
  2 wyverns
  29 yaks
  A fire elemental (D:12)
  A yak (shapeshifter) (D:9)
  4 steam dragons
  7 vampire mosquitoes
  15 swamp worms
  26 nagas
  3 wargs
  3 acid dragons
  A hell hound (D:12)
  9 water moccasins
  8 swamp drakes (Swamp:4)
  32 orc warriors
  A sky beast (D:7)
  An ice beast (D:6)
  12 ogres
  3 black bears
  A boggart (D:15)
  16 centaurs
  8 wolves
  A phantom (D:5)
  4 kobold brigands
  An elf zombie (Ossuary)
  13 bullfrogs
  A necrophage (D:6)
  3 scorpions
  4 wights
  A killer bee (D:9)
  7 electric eels
  2 howler monkeys
  A wyvern simulacrum (D:9)
  A jelly (D:7)
  2 hounds (D:5)
  21 orc priests
  3 iguanas
  14 orc wizards
  Terence (D:2)
  2 mummies (Ossuary)
  7 adders
  A shadow imp (D:6)
  4 white imps
  An ufetubus (D:7)
  2 worms
  2 dart slugs
  62 orcs
  3 endoplasms (D:4)
  A giant cockroach (D:2)
  6 goblins
  4 hobgoblins
  3 jackals (D:4)
  5 quokkas
  8 ball pythons
  5 bats
  2 frilled lizards
  3 goblin zombies (Ossuary)
  5 hobgoblin zombies (Ossuary)
  18 kobolds
  4 kobold zombies (Ossuary)
  5 rats
685 creatures vanquished.

Vanquished Creatures (collateral kills)
  Jorgrun (Swamp:3)
  A nagaraja (Snake:3)
  2 ghouls (Swamp:2)
  4 bunyips
  An ettin (Orc:2)
  A great orb of eyes (D:15)
  3 hydras
  Harold (D:11)
  A catoblepas (D:13)
  Erica (Lair:2)
  3 anacondas
  3 demonspawn (Orc:2)
  2 ghost crabs
  A death yak (Lair:5)
  A two-headed ogre (D:11)
  3 alligators
  2 orc high priests (Orc:2)
  3 naga warriors
  A soul eater (Orc:2)
  3 naga sharpshooters
  A fire crab (Swamp:4)
  3 skeletal warriors (D:14)
  3 salamander mystics
  3 goliath frogs
  A sea snake (Snake:2)
  2 naga ritualists
  A spriggan druid (Swamp:2)
  4 swamp dragons
  A deep elf pyromancer (D:9)
  4 mana vipers
  A lindwurm (Swamp:4)
  3 orc knights (Orc:2)
  A wolf spider (D:15)
  6 ugly things
  5 orc sorcerers (Orc:2)
  2 manticores
  A cyclops (D:14)
  6 elephants (Lair:5)
  5 salamanders
  7 slime creatures
  2 gargoyles
  Maggie (D:8)
  7 black mambas
  4 naga magi
  3 guardian serpents
  A torpor snail (Lair:5)
  3 cane toads
  3 komodo dragons
  A freezing wraith (D:14)
  4 trolls
  A meliai (D:15)
  6 blink frogs
  2 tyrant leeches
  6 hornets
  A polar bear (Lair:2)
  A wolf spider simulacrum (D:14)
  7 dream sheep
  3 spriggans
  A shadow (D:10)
  2 water elementals (D:14)
  20 yaks
  A fire elemental (D:12)
  2 vampire mosquitoes
  2 basilisks
  2 neqoxecs (Orc:2)
  A steam dragon (Swamp:4)
  Menkaure (D:7)
  12 nagas
  A swamp worm (Lair:3)
  4 wargs
  An acid dragon (D:9)
  4 water moccasins
  A hell hound (D:12)
  2 swamp drakes
  21 orc warriors
  An ice beast (D:7)
  2 black bears
  2 wolves
  2 boggarts (D:15)
  2 centaurs
  A kobold brigand (D:9)
  3 bullfrogs
  A necrophage (Swamp:3)
  A wight (D:10)
  A killer bee (D:9)
  Crazy Yiuf (D:4)
  7 orc priests
  8 orc wizards
  A mummy (Ossuary)
  A white imp (Lair:4)
  24 orcs
  6 kobolds
296 creatures vanquished.

Vanquished Creatures (others)
  A thorn hunter (Swamp:4)
  A fire dragon (Swamp:4)
  A naga warrior (Snake:3)
  A hornet (Swamp:1)
  4 bloated husks
  A steam dragon (Swamp:4)
  A swamp worm (Swamp:1)
  An orc wizard (Orc:1)
  31 knights
  An ancestor (D:6)
  An orc (D:6)
  16 foxfires
  15 fungi
  27 plants
102 creatures vanquished.

Grand Total: 1083 creatures vanquished

Notes
Turn   | Place    | Note
-------+----------+-------------------------------------------
     0 | D:1      | Illumine the Minotaur Wanderer began the quest for the Orb.
     0 | D:1      | Illumine set off with the following items: a +0 club, a
                  | potion of lignification, a scroll of vulnerability, a +2
                  | leather armour; and the following spell memorised: Sting;
                  | and the following spells available to memorise: Spider
                  | Form.
     0 | D:1      | Reached XP level 1. HP: 24/24 MP: 1/1
   163 | D:1      | Reached skill level 1 in Maces & Flails
   260 | D:1      | Reached XP level 2. HP: 30/30 MP: 3/3
   383 | D:2      | Identified the +6 sling "Adghuyvoj" {heavy, Will+ Dex+4}
   412 | D:2      | Upgraded the game from 0.30-a0-739-gea05fad to
                  | 0.30-a0-743-gbfdf073
   435 | D:2      | Reached skill level 1 in Ranged Weapons
   463 | D:2      | Reached XP level 3. HP: 37/37 MP: 4/4
   642 | D:2      | Noticed Terence
   646 | D:2      | Killed Terence
   720 | D:2      | Noticed Sigmund
  1090 | D:2      | Killed Sigmund
  1091 | D:2      | Reached XP level 4. HP: 34/45 MP: 5/5
  1091 | D:2      | Reached XP level 5. HP: 39/51 MP: 6/6
  1098 | D:2      | Reached skill level 7 in Fighting
  1375 | D:3      | Reached XP level 6. HP: 26/60 MP: 7/7
  2180 | D:4      | Identified the +4 short sword of Ewopatti {elec, *Rage
                  | Str+3 Dex-4 Stlth+}
  2492 | D:4      | Found a snail-covered altar of Cheibriados.
  2492 | D:4      | Found a sparkling altar of Nemelex Xobeh.
  2492 | D:4      | Found a shimmering blue altar of Sif Muna.
  2495 | D:4      | Found a hazy altar of Hepliaklqana.
  2503 | D:4      | Became a worshipper of Hepliaklqana the Forgotten
  2735 | D:4      | Found a runed translucent door.
  2736 | D:4      | Noticed Crazy Yiuf
  3001 | D:5      | Entered Level 5 of the Dungeon
  3047 | D:5      | Reached skill level 5 in Ranged Weapons
  3047 | D:5      | Reached skill level 1 in Shields
  3047 | D:5      | Reached XP level 7. HP: 65/66 MP: 8/8
  3122 | D:5      | Identified the +5 dagger of Ytye {antimagic, Drain Str+5}
  3499 | D:5      | Reached * piety under Hepliaklqana
  3759 | D:5      | Reached skill level 8 in Fighting
  3768 | D:5      | Identified the +0 flail "Tuxoub" {heavy, Int+3}
  4129 | D:6      | Reached XP level 8. HP: 66/66 MP: 9/9
  4130 | D:6      | Noticed a cyclops
  4138 | D:6      | Killed a cyclops
  4369 | D:6      | Found a glowing golden altar of the Shining One.
  4379 | D:6      | Found a broken altar of Ashenzari.
  4380 | D:6      | Found a radiant altar of Vehumet.
  4438 | D:6      | Reached skill level 9 in Fighting
  4513 | D:6      | Reached skill level 5 in Shields
  4686 | D:7      | Noticed Menkaure
  4690 | D:7      | Killed Menkaure
  4749 | D:7      | Reached XP level 9. HP: 65/74 MP: 10/10
  4874 | D:7      | Reached ** piety under Hepliaklqana
  4878 | D:7      | Remembered your ancestor Quintus as a knight
  4940 | D:7      | Found a sand-covered staircase.
  4947 | Ossuary  | Entered an ossuary
  5524 | D:7      | Found a staircase to the Ecumenical Temple.
  5642 | D:8      | Noticed a komodo dragon
  5646 | D:8      | Killed a komodo dragon
  5655 | D:8      | Reached skill level 10 in Ranged Weapons
  5658 | D:8      | Reached skill level 10 in Fighting
  5687 | D:8      | Noticed a komodo dragon
  5696 | D:8      | Killed a komodo dragon
  5770 | D:8      | Found a staircase to the Lair.
  5919 | D:8      | Noticed Maggie
  5933 | D:8      | Killed Maggie
  6120 | D:8      | Found a runed translucent gate.
  6121 | D:8      | Found a runed translucent gate.
  6122 | D:8      | Found a runed translucent gate.
  6123 | D:8      | Noticed slAvIk159's ghost (novice HOMo)
  6190 | D:8      | Reached *** piety under Hepliaklqana
  6264 | D:8      | Noticed Prince Ribbit
  6265 | D:8      | Reached XP level 10. HP: 63/84 MP: 8/11
  6271 | D:8      | Killed Prince Ribbit
  6272 | D:8      | Reached skill level 1 in Armour
  6571 | D:8      | Found Zahour's Magic Scroll Boutique.
  6578 | D:8      | Bought a scroll of identify for 30 gold pieces
  6578 | D:8      | Bought a scroll of identify for 30 gold pieces
  6587 | D:8      | Bought a scroll of teleportation for 45 gold pieces
  6792 | Lair:1   | Entered Level 1 of the Lair of Beasts
  6864 | Lair:1   | Noticed Gastronok
  6874 | Lair:1   | Killed Gastronok
  6875 | Lair:1   | Reached skill level 11 in Fighting
  7315 | Lair:2   | Reached XP level 11. HP: 91/91 MP: 12/12
  7329 | Lair:2   | Noticed Urug
  7340 | Lair:2   | Killed Urug
  7432 | Lair:2   | Noticed Erica
  7433 | Lair:2   | Reached skill level 5 in Armour
  7437 | Lair:2   | Noticed Sonja
  7451 | Lair:2   | Killed Erica
  7452 | Lair:2   | Killed Sonja
  7554 | Lair:2   | Reached skill level 12 in Fighting
  7569 | Lair:2   | Reached **** piety under Hepliaklqana
  7634 | Lair:2   | Found a dark tunnel.
  7666 | Volcano  | Entered a volcano
  7698 | Volcano  | Noticed a salamander mystic
  7705 | Volcano  | Killed a salamander mystic
  7738 | Volcano  | Found a burning altar of Makhleb.
  7759 | Volcano  | Noticed a red draconian
  7850 | Volcano  | Killed a red draconian
  7851 | Volcano  | Reached skill level 10 in Shields
  8289 | Lair:2   | Reached XP level 12. HP: 101/101 MP: 13/13
  8316 | Lair:2   | Reached skill level 1 in Polearms
  8323 | Lair:2   | Reached skill level 1 in Invocations
  8368 | Lair:2   | Noticed an eight-headed hydra
  8373 | Lair:2   | Killed an eight-headed hydra
  8421 | Lair:2   | Reached skill level 13 in Fighting
  8610 | Lair:2   | Found a staircase to the Snake Pit.
  9086 | Lair:3   | Reached skill level 5 in Dodging
  9409 | Lair:3   | Found a staircase to the Swamp.
  9938 | Lair:3   | Reached skill level 14 in Fighting
 10205 | Lair:4   | Found a staircase to the Slime Pits.
 10336 | Lair:4   | Noticed a seven-headed hydra
 10338 | Lair:4   | Reached XP level 13. HP: 111/111 MP: 15/15
 10345 | Lair:4   | Reached skill level 5 in Invocations
 11041 | Lair:5   | Entered Level 5 of the Lair of Beasts
 11462 | Lair:5   | Reached ***** piety under Hepliaklqana
 11907 | Lair:5   | Reached skill level 15 in Fighting
 12661 | Lair:5   | Reached XP level 14. HP: 83/121 MP: 14/18
 13187 | D:8      | Bought a scroll of acquirement for 780 gold pieces
 13187 | D:8      | Acquired 623 gold pieces
 13188 | D:8      | Acquired the ring of the Cricket {rN+ Will+}
 13792 | D:4      | Killed Crazy Yiuf
 14843 | D:9      | Got Sif Muna's Compilation of Destructive Execration
 15019 | D:9      | Noticed Erolcha
 15294 | D:9      | Killed Erolcha
 15430 | D:10     | Entered Level 10 of the Dungeon
 15453 | D:10     | Reached skill level 16 in Fighting
 15455 | D:10     | Reached skill level 1 in Evocations
 16201 | D:11     | You fall into a shaft and drop 3 floors!
 16421 | D:12     | Noticed Azrael
 16790 | D:12     | Reached skill level 10 in Armour
 17001 | D:11     | Found a staircase to the Orcish Mines.
 17085 | Orc:1    | Entered Level 1 of the Orcish Mines
 17085 | Orc:1    | Noticed Harold
 17198 | D:11     | Killed Harold
 17372 | Orc:1    | Found Puennar's Weapon Shop.
 17500 | Orc:1    | Reached ****** piety under Hepliaklqana
 17644 | Orc:2    | Entered Level 2 of the Orcish Mines
 17768 | Orc:2    | Reached skill level 15 in Shields
 17800 | Orc:2    | Reached XP level 15. HP: 130/130 MP: 19/21
 17816 | Orc:2    | Found a staircase to the Elven Halls.
 17972 | Orc:2    | Found Lueh's General Store.
 17975 | Orc:2    | Found Godghuc's General Store.
 17989 | Orc:2    | Bought a scroll of blinking for 105 gold pieces
 17997 | Orc:2    | Bought a scroll of identify for 24 gold pieces
 17997 | Orc:2    | Bought a scroll of enchant armour for 90 gold pieces
 17997 | Orc:2    | Bought a scroll of enchant weapon for 90 gold pieces
 18426 | Orc:2    | Reached skill level 17 in Fighting
 18498 | Orc:2    | Found Far Mozu's Jewellery Boutique.
 18498 | Orc:2    | Found Singubim's Antique Weapon Shop.
 18498 | Orc:2    | Found a one-way gate leading to the halls of Pandemonium.
 18508 | Orc:2    | Bought a transparent mace for 240 gold pieces
 18508 | Orc:2    | Identified the +6 mace of the Immovable Mouths {drain,
                  | Contam Will+++ Int-3 Dex+8} (You bought it in a shop on
                  | level 2 of the Orcish Mines)
 18518 | Orc:2    | Reached skill level 10 in Invocations
 19369 | D:11     | Reached skill level 5 in Evocations
 19798 | D:12     | Found Foapov's Weapon Shoppe.
 19985 | D:12     | Killed Azrael
 21011 | D:14     | Found a gate to the Vaults.
 21230 | D:14     | Reached skill level 5 in Polearms
 21915 | D:15     | Entered Level 15 of the Dungeon
 22122 | D:15     | Reached skill level 10 in Dodging
 22213 | D:15     | Found an iron altar of Okawaru.
 22439 | D:15     | Reached XP level 16. HP: 141/141 MP: 22/22
 22632 | D:15     | Found a staircase to the Depths.
 22691 | D:15     | Found Iqikal's Armour Boutique.
 22693 | D:15     | Found Otyelabb's Distillery.
 22693 | D:15     | Found Vunyo's Jewellery Shop.
 22695 | D:15     | Found Deqa's Antique Weapon Emporium.
 22703 | D:15     | Bought an ichor-stained mace for 192 gold pieces
 22703 | D:15     | Identified the +4 mace "Rejivet" {flame, rElec rF- Int+3
                  | Dex+7} (You bought it in a shop on level 15 of the Dungeon)
 22729 | D:15     | Bought a +4 ring of slaying for 1014 gold pieces
 22731 | D:15     | Acquired the +6 tower shield of Ciceosk {Regen+}
 23315 | Swamp:1  | Entered Level 1 of the Swamp
 23358 | Swamp:1  | Found a transporter.
 23372 | Swamp:1  | Noticed Upnocu's ghost (journeyman DESu)
 23374 | Swamp:1  | Found a transporter.
 23472 | Swamp:1  | Identified the +1 pair of gloves of Eczuag {rPois Int+2
                  | Stlth-}
 23857 | Swamp:2  | Noticed Jorgrun
 23985 | Swamp:2  | Reached skill level 18 in Fighting
 24339 | Swamp:2  | You fall into a shaft and drop 1 floor!
 24395 | Swamp:3  | Killed Jorgrun
 24564 | Swamp:2  | Identified the +11 battleaxe of the Vestibule of Hell
                  | {holy, Will+ rCorr Int-5 Dex+2}
 24753 | Swamp:2  | Noticed a tentacled monstrosity
 24770 | Swamp:2  | HP: 3/143 [will-o-the-wisp/foxfire (10)]
 24772 | Swamp:2  | Killed a tentacled monstrosity
 25214 | Swamp:3  | Reached XP level 17. HP: 149/149 MP: 23/23
 25667 | Swamp:4  | Entered Level 4 of the Swamp
 25760 | Swamp:4  | Identified the ring "Jufoc" {Fly Will+ Dex+3 Stlth+}
 25814 | Swamp:4  | Reached skill level 19 in Fighting
 25980 | Swamp:4  | Reached XP level 18. HP: 146/158 MP: 24/24
 26187 | Swamp:4  | Got a decaying rune of Zot
 26561 | Snake:1  | Entered Level 1 of the Snake Pit
 27205 | Snake:2  | Noticed Asterion
 27232 | Snake:2  | Killed Asterion
 27638 | Snake:2  | Noticed Saint Roka
 27660 | Snake:2  | Killed Saint Roka
 27731 | Snake:2  | Reached skill level 10 in Evocations
 28171 | Snake:3  | Reached skill level 20 in Fighting
 28362 | Snake:3  | Noticed Renaoz's ghost (adept HuCA)
 28389 | Snake:3  | Found a bloodstained altar of Trog.
 28393 | Snake:3  | Found a transporter.
 28396 | Snake:3  | Found a transporter.
 28547 | Snake:3  | Killed from afar by a salamander tyrant

Illustrated notes

Levels and vault maps discovered:
D:1:      nzn_arrival_depleted_hourglass, layout_basic,
          chequers_serial_rivers_room_b, minmay_heptomino_d4
D:2:      layout_loops_ring, nicolae_underground_beach, uniq_terence,
          uniq_sigmund
D:3:      layout_loops_ring
D:4:      layout_loops_corners, grunt_temple_overflow_open,
          reono_crystal_passage, minmay_manual_monstrance,
          uniq_crazy_yiuf_cottage
D:5:      layout_basic
D:6:      layout_rooms, chequers_temple_overflow_statue_of_worship
D:7:      layout_rooms, temple_hall, enter_ossuary_1, uniq_menkaure
D:8:      layout_loops_cross, erik_lair_dragon, gammafunk_ghost_split,
          serial_shops, nicolae_shop_advertising_works
          [nicolae_subvault_shop_adworks], uniq_maggie, uniq_prince_ribbit1
D:9:      minmay_the_grid_square_5x5_4x4 [minmay_the_grid_square_5x5_trominoes,
          minmay_the_grid_square_5x5_checkered, minmay_the_grid_square_5x5_z,
          minmay_the_grid_square_5x5_misaligned,
          minmay_the_grid_square_5x5_detours,
          minmay_the_grid_square_5x5_prize_rear_guard,
          minmay_the_grid_square_5x5_prize_snowflake,
          minmay_the_grid_square_5x5_minibox,
          minmay_the_grid_square_5x5_three_small,
          minmay_the_grid_square_5x5_prize_waves,
          minmay_the_grid_square_5x5_prize_deathbox,
          minmay_the_grid_square_5x5_percent,
          minmay_the_grid_square_5x5_almost_minimal,
          minmay_the_grid_square_5x5_dogpile, minmay_the_grid_square_5x5_bridge,
          minmay_the_grid_square_5x5_v], layout_rooms, minivault_27,
          skrybe_limestone_x, kennysheep_generic_room_3, uniq_erolcha
D:10:     layout_big_octagon
D:11:     layout_basic, david_orc_4
D:12:     layout_roguey [special_room_orc], serial_shops,
          nicolae_shop_statue_plus, uniq_azrael
D:13:     layout_basic
D:14:     layout_basic, erik_vaults_1, nicolae_twisting_strands
D:15:     gammafunk_enter_depths_forms, layout_basic, okawaru_trees_2,
          corexii_hall_statues_x, minmay_misc_feat_encased,
          nicolae_wooded_promenade
Lair:1:   layout_cellular_growth, uniq_gastronok
Lair:2:   cheibrodos_lair_overgrown_chateau, layout_hall_layers,
          guppyfry_snake_entry_island, nicolae_volcano_entry_two_sided,
          uniq_urug, uniq_erica, uniq_sonja
Lair:3:   layout_small_grid, nicolae_swamp_entry_splash_gauntlet
Lair:4:   layout_roguey, slime_entry_1, bobbens_ice_dragon_lair
Lair:5:   grunt_lair_end_beastmaster, layout_cave_pods, serial_rivers,
          chequers_serial_rivers_micro_a, chequers_serial_rivers_small_3,
          chequers_serial_rivers_micro_e, chequers_serial_rivers_small_a,
          infiniplex_staircase_pool_2
Swamp:1:  layout_falls_marsh, gammafunk_ghost_arena, hangedman_swamp_blocks
Swamp:2:  nzn_winding_woodlands_medium [nzn_winding_woodlands_5x5_checkerboard,
          nzn_winding_woodlands_5x15_sidewinder,
          nzn_winding_woodlands_5x5_three, nzn_winding_woodlands_5x5_default,
          nzn_winding_woodlands_center_diamonds,
          nzn_winding_woodlands_5x5_perimeter,
          nzn_winding_woodlands_5x5_open_star, nzn_winding_woodlands_5x15_cabin,
          nzn_winding_woodlands_hourglass], layout_basic_swamp,
          evilmike_swamp_ruin_rubble_1, uniq_jorgrun
Swamp:3:  layout_basic_swamp, evilmike_swamp_ruin_house_5
Swamp:4:  swamp_fiery, layout_basic_swamp
Snake:1:  layout_misc_corridors, grunt_megastairs_3
Snake:2:  layout_basic, uniq_saint_roka, uniq_asterion
Snake:3:  layout_layer_cave, gammafunk_ghost_wrathful_warriors,
          nicolae_snake_coiling_death
Orc:1:    layout_diamond_mine, serial_shops, shop, basic_altar, uniq_harold
Orc:2:    pf_orc_diabolical, layout_caves

Skill      XL: |  1  2  3  4  5  6  7  8  9 10 11 12 13 14 15 16 17 18 |
---------------+-------------------------------------------------------+-----
Maces & Flails | 1 |  1.5
Ranged Weapons | 1 3 4 5 6 8 11 12 14 | 14.0
Dodging        | 3 4 6 9 10 11 12 13 | 13.7
Fighting       | 7 8 9 10 11 12 14 15 16 17 18 19 20 | 20.1
Shields        | 1 3 5 7 8 10 12 13 15 16 17 19 | 19.0
Armour         | 4 7 8 10 | 10.0
Polearms       | 2 5 7 |  7.0
Invocations    | 4 7 9 10 | 10.0
Evocations     | 3 6 8 10 | 10.3
Spellcasting   | |  1.3
Transmutations | |  1.0

Action                     |  1- 3 |  4- 6 |  7- 9 | 10-12 | 13-15 | 16-18 || total
---------------------------+-------+-------+-------+-------+-------+-------++-------
  Melee: Club              |    17 |       |       |       |       |       ||    17
         Headbutt          |     3 |       |       |       |       |    12 ||    15
         Demon trident     |       |       |       |       |     7 |    63 ||    70
   Fire: Sling             |    42 |    65 |   177 |   373 |  1260 |   869 ||  2786
 Invoke: Ancestor Life: Kn |       |       |     1 |       |       |       ||     1
         Idealise          |       |       |       |     1 |     2 |     2 ||     5
         Recall Ancestor   |       |       |       |       |     5 |    11 ||    16
  Evoke: Wand              |       |       |       |       |     2 |     1 ||     3
         Condenser vane    |       |       |       |       |     2 |     3 ||     5
         Tin of tremorston |       |       |       |       |     1 |       ||     1
    Use: Scroll            |       |       |       |    21 |    18 |    10 ||    49
         Potion            |       |       |       |     1 |     2 |     6 ||     9
   Stab: Distracted        |       |       |       |       |       |     4 ||     4
 Armour: Leather armour    |    18 |     9 |     6 |       |       |       ||    33
         Swamp dragon scal |       |       |       |    22 |    67 |    91 ||   180
  Dodge: Dodged            |    41 |    19 |    21 |    34 |   156 |   205 ||   476
  Block: Kite shield       |       |     2 |    27 |       |       |       ||    29
         Tower shield      |       |       |       |   102 |   531 |   755 ||  1388
         Reflection        |       |       |       |       |    56 |    60 ||   116

Table legend: (Time is in decaauts)
 A = Elapsed time spent in this place.
 B = Non-inter-level travel time spent in this place.
 C = Inter-level travel time spent in this place.
 D = Time resting spent in this place.
 E = Time spent auto-exploring this place.
 F = Levels seen in this place.
 G = Mean time per level.
                   A        B        C        D        E       F      G
               +--------+--------+--------+--------+--------+-----+--------+
         Total |  29712 |  27257 |   2455 |   3478 |  17161 |  31 |  958.5 |
       Dungeon |  14766 |  13363 |   1403 |   1301 |   9379 |  15 |  984.4 |
          Lair |   6759 |   5985 |    774 |    835 |   3694 |   5 | 1351.8 |
         Swamp |   3461 |   3323 |    138 |    664 |   1753 |   4 |  865.2 |
     Snake Pit |   2026 |   2021 |      5 |    139 |   1210 |   3 |  675.3 |
  Orcish Mines |   1888 |   1755 |    133 |    387 |    818 |   2 |  944.0 |
       Ossuary |    414 |    414 |      0 |      0 |    304 |   1 |  414.0 |
       Volcano |    395 |    395 |      0 |    152 |      0 |   1 |  395.0 |
               +--------+--------+--------+--------+--------+-----+--------+

Top non-repeatable levels by time:
  Lair:5: 1976 daAuts
     D:8: 1806 daAuts
  Lair:2: 1654 daAuts
  Lair:3: 1459 daAuts
   Orc:2: 1442 daAuts
 Swamp:2: 1429 daAuts
    D:14: 1348 daAuts
     D:9: 1310 daAuts
     D:5: 1188 daAuts
  Lair:4: 1175 daAuts
     D:4: 1107 daAuts
    D:11: 1102 daAuts
    D:15: 1090 daAuts
    D:13: 988 daAuts
 Swamp:4: 864 daAuts
